 Dungeon Crawl Stone Soup version 0.31.0-2-g5a2aebc5c2 (webtiles) character file.

Game seed: 9009868245063763682

109 Monkooky the Ruffian (level 4, 0/39 HPs)
             Began as a Troll Alchemist on Jan 20, 2024.
             Was a Believer of Jiyva.
             Killed by divine providence
             ... invoked by an orc priest
              (12 damage)
             ... on level 2 of the Dungeon.
             The game lasted 00:04:21 (1007 turns).

Monkooky the Ruffian (Troll Alchemist)              Turns: 1007, Time: 00:04:23

Health: 0/39       AC:  4    Str: 15 (18) XL:     4   Next: 60%
Magic:  4/4        EV:  9    Int:  9 (11) God:    Jiyva [**....]
Gold:   93         SH:  0    Dex:  9 (10) Spells: 4/5 levels left

rFire   . .          .
                       - Unarmed
rCold   . . .        (no shield)
rNeg    . . .        a - +0 robe
rPois   .            (helmet restricted)
rElec   .            (no cloak)
rCorr   +            (gloves unavailable)
SInv    .            (boots unavailable)
Will    .....        (no amulet)
Stlth   +            (no ring)
HPRegen 2.02/turn    (no ring)
MPRegen 0.57/turn

%: no passive effects
@: confused
A: large, unfitting armour, claws 3, regeneration 1, shaggy fur 1, tough skin 1
a: Renounce Religion


You were on level 2 of the Dungeon.
You worshipped Jiyva.
Jiyva was pleased with you.
You visited 1 branch of the dungeon, and saw 2 of its levels.

You collected 93 gold pieces.

Inventory:

Missiles
 e - 6 poisoned darts
Armour
 a - a +0 robe (worn)
Scrolls
 g - a scroll of identify {unknown}
 h - a scroll of teleportation {unknown}
 i - a scroll of fog {unknown}
Potions
 b - a potion of magic
 f - a potion of cancellation {unknown}


   Skills:
 - Level 1.5 Dodging
 - Level 1.0 Stealth
 * Level 4.3 Unarmed Combat
 - Level 1.2 Spellcasting
 - Level 0.6 Conjurations
 - Level 2.1 Alchemy


You had 4 spell levels left.
You knew the following spells:

 Your Spells              Type           Power      Damage    Failure   Level
a - Sting                 Conj/Alch      12%        1d3       21%         1

Your spell library contained the following spells:

 Spells                   Type           Power      Damage    Failure   Level
 Mercury Vapours          Alch/Air       4%         N/A       34%         2
 Ensorcelled Hibernation  Hex/Ice        0%         N/A       50%         2
 Mephitic Cloud           Conj/Alch/Air  2%         N/A       58%         3
 Fugue of the Fallen      Necr           0%         N/A       73%         3
 Olgreb's Toxic Radiance  Alch           4%         N/A       82%         4
 Sticky Flame             Fire/Alch      2%         2d4       93%         4
 Anguish                  Hex/Necr       0%         N/A       98%         4


Dungeon Overview and Level Annotations

Branches:
Dungeon (2/15)

Altars:
Jiyva


Innate Abilities, Weirdness & Mutations

You are too large for most types of armour.
You have claws for hands.
Your natural rate of healing is unusually fast.
You are covered in fur. (AC +1)
You have tough skin. (AC +1)


Message History

You claw the orc!
You kill the orc!
The orc priest invokes the aid of Beogh against you.
Beogh smites you! Something hits you but does no damage.
You scratch the orc priest.
The orc priest is almost dead.
The orc priest invokes the aid of Beogh against you.
You barely resist. You closely miss the orc priest.
The orc priest is almost dead.
Something hits you.
The orc priest looks braver for a moment.
You closely miss the orc priest.
The orc priest is almost dead.
Something hits you. The orc priest barely misses you.
You scratch the orc priest but do no damage.
The orc priest is almost dead.
You hear some strange, mumbled words.
You are confused.
The orc priest invokes the aid of Beogh against you.
Pain shoots through your body!
* * * LOW HITPOINT WARNING * * *
It was a potion of degeneration.
There was something very wrong with that liquid.
You feel weakened.
You feel dopey.
You feel clumsy. Something hits you but does no damage.
The orc priest hits you with a +0 hand axe!
* * * LOW HITPOINT WARNING * * *
Your magic is already full.
It was a potion of curing.
You feel better. Something hits you but does no damage.
The orc priest hits you with a +0 hand axe.
* * * LOW HITPOINT WARNING * * *
You barely miss the orc priest.
The orc priest is almost dead.
You hear some strange, mumbled words.
You are confused.
The orc priest invokes the aid of Beogh against you.
Beogh smites you!
You die...

#...# #.###############
# #.......†.......#####
# ###############.....#
# #### #.....# #
..#######.....###
########.#..............
.......#.#.###.......###
#####o@{..###.####### #
....>.............#####
.......#.####.##......#
..##.#.#.# #.##......# #
.....#.####.##......#
###..........##......#
####.....####......#
#................)##
#......#@####........


You could see an orc priest.

Vanquished Creatures
  An orc priest (D:2)
  Terence (D:2)
  3 adders (D:2)
  2 dart slugs (D:1)
  An orc (D:2)
  2 ball pythons (D:1)
  2 endoplasms (D:1)
  2 giant cockroaches (D:2)
  A goblin (D:1)
  5 hobgoblins
  3 kobolds (D:1)
  A quokka (D:1)
  4 frilled lizards
  2 rats
30 creatures vanquished.

Vanquished Creatures (others)
  An endoplasm (D:2)
1 creature vanquished.

Grand Total: 31 creatures vanquished

Notes
Turn   | Place    | Note
-------+----------+-------------------------------------------
     0 | D:1      | Monkooky the Troll Alchemist began the quest for the Orb.
     0 | D:1      | Reached XP level 1. HP: 16/16 MP: 1/1
   273 | D:1      | Reached skill level 1 in Unarmed Combat
   369 | D:1      | Reached XP level 2. HP: 24/24 MP: 2/2
   612 | D:1      | Reached skill level 2 in Unarmed Combat
   630 | D:1      | Found a faded altar of an unknown god.
   638 | D:1      | Prayed at the altar of an unknown god.
   638 | D:1      | Became a worshipper of Jiyva Joshifuc the Shapeless
   638 | D:1      | Reached * piety under Jiyva
   761 | D:2      | Reached XP level 3. HP: 31/31 MP: 3/3
   813 | D:2      | Noticed Terence
   818 | D:2      | Reached skill level 3 in Unarmed Combat
   867 | D:2      | Killed Terence
   868 | D:2      | Reached XP level 4. HP: 26/39 MP: 4/4
   873 | D:2      | Reached skill level 4 in Unarmed Combat
   910 | D:2      | Reached ** piety under Jiyva
  1007 | D:2      | Killed from afar by an orc priest

Illustrated notes

Levels and vault maps discovered:
D:1:      minmay_arrival_five_plusses, layout_basic,
          shapermc_ecumenical_altar_acropolis
D:2:      layout_basic, uniq_natasha, uniq_terence

Skill      XL: |  1  2  3  4 |
---------------+-------------+-----
Unarmed Combat | 1 2 3 4 |  4.3
Dodging        | |  1.5
Stealth        | |  1.0
Spellcasting   | |  1.2
Conjurations   | |  0.6
Alchemy        | |  2.1

Action                     |  1- 3 |  4- 6 || total
---------------------------+-------+-------++-------
  Melee: Unarmed           |    57 |    24 ||    81
    Use: Potion            |       |     2 ||     2
   Stab: Sleeping          |     1 |     1 ||     2
 Armour: Robe              |    35 |    21 ||    56
  Dodge: Dodged            |    37 |     4 ||    41
